AoeStats
← Misty

Arabia

504625971Analyzed
2v2 RM · 28d ago on Sep 6, 2026· 36m 29s· 4 players
Game mode
Random Map
Map size
Medium (4 player)
Population
200
Speed
Normal
Resources
Standard
Victory
Conquest
Starting age
Dark Age
Ending age
Imperial Age
RankedLock teamsTeams togetherTeam positionsShared explorationLock speedFull tech treeHidden civsTurbo modeCheats
Victory
Defeat
🇦🇷 Mongols · Argentina
1117
+14
🇦🇷 Franks · Argentina
1039
+17
🇨🇦 Khmer · Canada
1071
-16
🇨🇦 Romans · Canada
1051
-15
Misty
6:48 Loom
10:03 Feudal Age
11:05 Man-at-Arms
19:19 Double-Bit Axe
19:18 Horse Collar
25:07 Castle Age
25:27 Elite Skirmisher
26:40 Heavy Plow
26:46 Padded Archer Armor
26:36 Fletching
28:48 Bodkin Arrow
32:54 Bow Saw
Mutetephy
9:53 Feudal Age
13:54 Scale Barding Armor
14:25 Double-Bit Axe
22:23 Wheelbarrow
24:26 Castle Age
26:15 Forging
26:29 Chain Barding Armor
29:09 Scale Mail Armor
29:01 Fletching
29:11 Padded Archer Armor
Challwaq
2:14 Loom
10:11 Feudal Age
10:39 Double-Bit Axe
24:15 Castle Age
24:47 Scale Barding Armor
24:53 Forging
24:43 Gold Mining
29:10 Husbandry
34:55 Chain Barding Armor
Moralelastic
6:08 Loom
8:15 Feudal Age
9:16 Double-Bit Axe
10:54 Town Watch
21:15 Castle Age
19:32 Fletching
19:25 Horse Collar
19:36 Gold Mining
20:37 Bloodlines
23:32 Bodkin Arrow
24:32 Wheelbarrow
29:48 Husbandry
30:05 Forging
32:55 Iron Casting
Connection lost

Rejoining the realm…

Still unreachable

The connection could not be restored.

Session expired

The server has moved on; the page needs a fresh start.